 Dungeon Crawl Stone Soup version 0.29.0-4-gdea44cf6ec (webtiles) character file.

Game seed: 2627879945559484118

128 qw the Chopper (level 5, 0/30 HPs)
             Began as a Tengu Warper on Aug 28, 2022.
             Succumbed to a hobgoblin's poison
             ... on level 3 of the Dungeon.
             The game lasted 00:00:22 (2963 turns).

qw the Chopper (Tengu Warper)                       Turns: 2963, Time: 00:00:22

Health: 0/30       AC:  8    Str: 14    XL:     5   Next: 11%
Magic:  9/9        EV:  7    Int: 13    God:
Gold:   124        SH:  0    Dex: 13    Spells: 8/8 levels left

rFire   . . .      SeeInvis .   Y - +0 hand axe (chaos)
rCold   . . .      Faith    .   (no shield)
rNeg    . . .      Spirit   .   k - +0 chain mail
rPois   .          Reflect  .   (helmet restricted)
rElec   .          Harm     .   (no cloak)
rCorr   .          Rampage  .   (no gloves)
Will    .....                   (boots unavailable)
Stlth   ..........              (no amulet)
HPRegen 0.10/turn               (no ring)
MPRegen 0.11/turn               (no ring)

@: lethally poisoned (0 -> -1), flying quickly and evasively, quick
A: beak, talons 3, nimble flight
a: no special abilities


You were on level 3 of the Dungeon.
You visited 1 branch of the dungeon, and saw 3 of its levels.

You collected 124 gold pieces.


Innate Abilities, Weirdness & Mutations

You have a beak for a mouth.
You have claws for feet.
Your magical nature lets you fly swiftly and evasively.


   Skills:
 - Level 2.0 Fighting
 + Level 5.6 Axes
 - Level 1.0 Throwing
 - Level 1.1 Armour
 - Level 2.1 Dodging
 - Level 2.0 Spellcasting
 - Level 2.4 Translocations


You had 8 spell levels left.
You didn't know any spells.
Your spell library contained the following spells:

 Spells                   Type           Power      Damage    Failure   Level
 Blink                    Tloc           14%        N/A       99%         2
 Gell's Gravitas          Tloc           7%         N/A       100%        3
 Lesser Beckoning         Tloc           7%         N/A       100%        3
 Teleport Other           Tloc           7%         N/A       100%        3
 Manifold Assault         Tloc           7%         N/A       100%        5

Inventory:

Hand Weapons
 f - a +0 whip
 Y - a +0 hand axe of chaos (weapon)
Armour
 k - a +0 chain mail (worn)
Scrolls
 a - a scroll of fear {unknown}
Potions
 b - a potion of ambrosia {unknown}
 e - a potion of degeneration {unknown}
 g - 5 potions of curing
 h - a potion of heal wounds {unknown}
 j - a potion of haste {unknown}

Dungeon Overview and Level Annotations

Branches:
Dungeon (3/15)

Altars:
Uskayaw


Message History

You reach down and open the door.
There is an open door here.
A hobgoblin comes into view. It is quivering poisoned darts.
The hobgoblin shouts!
The hobgoblin throws a poisoned dart.
The poisoned dart barely misses you.
The hobgoblin throws a poisoned dart.
The poisoned dart hits you!
You are poisoned.
You feel sick.
The hobgoblin throws a poisoned dart.
The poisoned dart hits you!
You are more poisoned.
You feel very sick.
2947 ||| FLEEEEING.
You feel sick.
2948 ||| FLEEEEING.
You feel sick.
2949 ||| FLEEEEING.
You feel sick.
2950 ||| FLEEEEING.
You feel sick.
2951 ||| FLEEEEING.
You feel sick.
2952 ||| FLEEEEING.
You feel sick.
The hobgoblin throws a poisoned dart.
The poisoned dart hits you.
You are more poisoned.
2953 ||| FLEEEEING.
You feel sick.
The hobgoblin throws a poisoned dart.
The poisoned dart hits you.
You are lethally poisoned!
2954 ||| FLEEEEING.
You feel very sick.
2955 ||| FLEEEEING.
You feel sick.
2956 ||| FLEEEEING.
You feel sick.
2957 ||| FLEEEEING.
You feel sick.
You feel sick.
You feel sick.
You feel sick.
You feel sick.
You feel sick.
You die...

.# #.# #..........#
.########.#####
#..........###
......##......#
#.............
.+....')......#
#.............
##....##......#
#.............
#....##......#
#####g........
#....##......# #.###.....
#....##......###### #.#
#.....
##....##........@..# #.#
#.....
.........####......# #.#
#..... .........#
#......#####.# #.....
.........####............#
######
.........'...............#
.........####.[..........#
.........# #............#
.........# #............#
.........# #............#


There were no monsters in sight!

Vanquished Creatures
  3 adders
  2 worms (D:2)
  4 dart slugs
  4 endoplasms
  4 giant cockroaches
  10 goblins
  11 hobgoblins
  7 jackals
  6 kobolds
  2 quokkas
  9 ball pythons
  6 bats
  3 frilled lizards
  8 rats
79 creatures vanquished.

Vanquished Creatures (others)
  2 plants (D:1)
2 creatures vanquished.

Grand Total: 81 creatures vanquished

Notes
Turn   | Place    | Note
-------+----------+-------------------------------------------
     0 | D:1      | qw the Tengu Warper began the quest for the Orb.
     0 | D:1      | Reached XP level 1. HP: 12/12 MP: 4/4
     0 | D:1      | 0 ||| qw: Version: 0.1-a-89-g26bdef1
     0 | D:1      | 0 ||| qw: Game counter: 1964
     0 | D:1      | 0 ||| qw: Always use a shield: true
     0 | D:1      | 0 ||| qw: God list: Okawaru
     0 | D:1      | 0 ||| qw: Allow faded altars: false
     0 | D:1      | 0 ||| qw: Do Orc after D:15 true
     0 | D:1      | 0 ||| qw: Do second Lair branch before Depths: true
     0 | D:1      | 0 ||| qw: Lair rune preference: random
     0 | D:1      | 0 ||| qw: Plans: Normal
     0 | D:1      | 0 ||| PLANNING D:1-11
    27 | D:1      | 27 ||| DROPPING +0 club.
    37 | D:1      | Reached skill level 3 in Axes
    37 | D:1      | Reached XP level 2. HP: 13/17 MP: 6/6
   138 | D:1      | 138 ||| Stepping ~*~*~tactically~*~*~ (stealth).
   145 | D:1      | 145 ||| Stepping ~*~*~tactically~*~*~ (stealth).
   161 | D:1      | 161 ||| Stepping ~*~*~tactically~*~*~ (stealth).
   190 | D:1      | 190 ||| Stepping ~*~*~tactically~*~*~ (hiding).
   191 | D:1      | 191 ||| Stepping ~*~*~tactically~*~*~ (stealth).
   194 | D:1      | 194 ||| Stepping ~*~*~tactically~*~*~ (stealth).
   301 | D:1      | 301 ||| Stepping ~*~*~tactically~*~*~ (stealth).
   305 | D:1      | Reached XP level 3. HP: 21/21 MP: 7/7
   383 | D:1      | Reached skill level 4 in Axes
   498 | D:1      | 498 ||| Stepping ~*~*~tactically~*~*~ (stealth).
   652 | D:1      | 652 ||| Stepping ~*~*~tactically~*~*~ (stealth).
   654 | D:1      | 654 ||| Stepping ~*~*~tactically~*~*~ (stealth).
  1102 | D:1      | 1102 ||| READING scroll labelled HEICWA KIANONO.
  1203 | D:1      | 1203 ||| READING scroll labelled VIBOZI BITIBB.
  1204 | D:1      | 1204 ||| READING scroll labelled CIOLIS MISE.
  1205 | D:1      | 1205 ||| READING scroll labelled TOFFIYCZUQAE.
  1206 | D:1      | 1206 ||| READING scroll labelled MICIOHA QYUMYE.
  1207 | D:1      | 1207 ||| READING scroll labelled HAM UCREOJ.
  1208 | D:1      | 1208 ||| DROPPING scroll of blinking.
  1246 | D:2      | 1246 ||| Stepping ~*~*~tactically~*~*~ (stealth).
  1281 | D:2      | 1281 ||| Stepping ~*~*~tactically~*~*~ (stealth).
  1287 | D:2      | Reached XP level 4. HP: 9/26 MP: 8/8
  1508 | D:2      | 1508 ||| Stepping ~*~*~tactically~*~*~ (stealth).
  1509 | D:2      | 1509 ||| Stepping ~*~*~tactically~*~*~ (stealth).
  1512 | D:2      | 1512 ||| Stepping ~*~*~tactically~*~*~ (stealth).
  1513 | D:2      | 1513 ||| Stepping ~*~*~tactically~*~*~ (stealth).
  1529 | D:2      | 1529 ||| Stepping ~*~*~tactically~*~*~ (stealth).
  1651 | D:2      | 1651 ||| Stepping ~*~*~tactically~*~*~ (stealth).
  1660 | D:2      | Reached skill level 5 in Axes
  1669 | D:2      | 1669 ||| Stepping ~*~*~tactically~*~*~ (stealth).
  1672 | D:2      | 1672 ||| Stepping ~*~*~tactically~*~*~ (stealth).
  1673 | D:2      | 1673 ||| Stepping ~*~*~tactically~*~*~ (stealth).
  1681 | D:2      | 1681 ||| Stepping ~*~*~tactically~*~*~ (stealth).
  1688 | D:2      | 1688 ||| Stepping ~*~*~tactically~*~*~ (stealth).
  1735 | D:2      | 1735 ||| FLEEEEING.
  1736 | D:2      | 1736 ||| FLEEEEING.
  1737 | D:2      | 1737 ||| FLEEEEING.
  1738 | D:2      | 1738 ||| FLEEEEING.
  1739 | D:2      | 1739 ||| FLEEEEING.
  1753 | D:2      | 1753 ||| Stepping ~*~*~tactically~*~*~ (hiding).
  1755 | D:2      | 1755 ||| Stepping ~*~*~tactically~*~*~ (hiding).
  1822 | D:2      | Found a faded altar of an unknown god.
  2010 | D:2      | 2010 ||| Stepping ~*~*~tactically~*~*~ (stealth).
  2011 | D:2      | 2011 ||| Stepping ~*~*~tactically~*~*~ (stealth).
  2448 | D:2      | 2448 ||| DROPPING orb of energy.
  2449 | D:2      | 2449 ||| DROPPING orb of wrath.
  2450 | D:2      | 2450 ||| UPGRADING to +0 chain mail.
  2460 | D:2      | 2460 ||| DROPPING +0 leather armour.
  2461 | D:2      | 2461 ||| READING 3 scrolls labelled TEQAFI IGUFFE.
  2462 | D:2      | 2462 ||| DRINKING 2 emerald potions.
  2463 | D:2      | 2463 ||| DRINKING 6 white potions.
  2464 | D:2      | 2464 ||| DROPPING potion of brilliance.
  2465 | D:2      | 2465 ||| DROPPING 2 scrolls of noise.
  2554 | D:3      | Found a hide-covered altar of Uskayaw.
  2638 | D:3      | 2638 ||| Stepping ~*~*~tactically~*~*~ (stealth).
  2643 | D:3      | Gained mutation: Your magical nature lets you fly swiftly
                  | and evasively. [Tengu growth]
  2643 | D:3      | Reached XP level 5. HP: 30/30 MP: 9/9
  2644 | D:3      | 2644 ||| Stepping ~*~*~tactically~*~*~ (stealth).
  2947 | D:3      | 2947 ||| FLEEEEING.
  2948 | D:3      | 2948 ||| FLEEEEING.
  2949 | D:3      | 2949 ||| FLEEEEING.
  2950 | D:3      | 2950 ||| FLEEEEING.
  2951 | D:3      | 2951 ||| FLEEEEING.
  2952 | D:3      | 2952 ||| FLEEEEING.
  2953 | D:3      | 2953 ||| FLEEEEING.
  2954 | D:3      | 2954 ||| FLEEEEING.
  2955 | D:3      | 2955 ||| FLEEEEING.
  2956 | D:3      | 2956 ||| FLEEEEING.
  2956 | D:3      | HP: 7/30 [poisoned by a hobgoblin]
  2957 | D:3      | 2957 ||| FLEEEEING.
  2960 | D:3      | HP: 3/30 [poisoned by a hobgoblin]
  2962 | D:3      | HP: 1/30 [poisoned by a hobgoblin]
  2963 | D:3      | Succumbed to a hobgoblin's poison

Levels and vault maps discovered:
D:1:      ebering_trefoil_3fold, layout_rooms, serial_bayou,
          serial_bayou_pond_d, serial_bayou_ford_a, serial_bayou_pond_b,
          serial_bayou_shore_b, serial_bayou_crossing, kennysheep_pointless_box
D:2:      layout_basic, shapermc_ecumenical_altar_totnotflames,
          nrook_loot_triangle, chequers_mini_garden, st_stairs_6,
          minmay_indecisive_spiral
D:3:      layout_basic, mainiacjoe_overflow_paths, minmay_misc_feat_rugged,
          minmay_ruptured

Skill      XL: |  1  2  3  4 |
---------------+-------------+-----
Axes           | 3 4 5 |  5.6
Fighting       | |  2.0
Throwing       | |  1.0
Armour         | |  1.1
Dodging        | |  2.1
Spellcasting   | |  2.0
Translocations | |  2.4

Action                   |  1- 3 |  4- 6 || total
-------------------------+-------+-------++-------
Melee: Hand axe          |    81 |    70 ||   151
       Peck              |     8 |     7 ||    15
       Kick              |    21 |    19 ||    40
       Punch             |     1 |       ||     1
Throw: Boomerang         |     7 |       ||     7
  Use: Scroll            |     6 |     1 ||     7
       Potion            |       |     2 ||     2
Armor: Leather armour    |    17 |    11 ||    28
       Chain mail        |       |     3 ||     3
Dodge: Dodged            |    29 |    31 ||    60

Table legend:
 A = Non-vault XP
 B = Vault XP
 C = Vault XP percentage of total XP
 D = Non-vault monster count
 E = Vault monster count
 F = Vault count percentage of total count
                 A         B        C        D         E       F
            +---------+---------+-------+---------+---------+-------
      Total |     149 |      34 |  18.6 |      68 |      11 |  13.9
            +---------+---------+-------+---------+---------+-------
        D:1 |      64 |      10 |  13.5 |      35 |       6 |  14.6
        D:2 |      64 |      24 |  27.3 |      27 |       5 |  15.6
        D:3 |      21 |       0 |   0.0 |       6 |       0 |   0.0
            +---------+---------+-------+---------+---------+-------
